 Dungeon Crawl Stone Soup version 0.17.1-3-g152610e (webtiles) character file.

60 Grim the Cudgeler (level 3, -7/33 HPs)
             Began as a Minotaur Berserker on Feb 22, 2016.
             Was a Believer of Trog.
             Mangled by Sigmund
             ... wielding a +0 scythe
              (9 damage)
             ... on level 2 of the Dungeon.
             The game lasted 00:03:06 (1360 turns).

Grim the Cudgeler (Minotaur Berserker)              Turns: 1360, Time: 00:03:06

Health: -7/33      AC:  3    Str: 21    XL:     3   Next: 80%
Magic:  2/2        EV: 12    Int:  4    God:    Trog [**....]
Gold:   40         SH:  0    Dex: 10    Spells: 0 memorised, 2 levels left

rFire  . . .     SeeInvis .     a - +0 mace
rCold  . . .     Clarity  .     b - +0 animal skin
rNeg   . . .     SustAt   .     (no shield)
rPois  .         Gourm    .     (helmet restricted)
rElec  .         Spirit   .     (no cloak)
rCorr  .         Warding  .     (no gloves)
rMut   .         Stasis   .     l - +0 pair of boots
MR     .....                    (no amulet)
Stlth  +.........               (no ring)
                                (no ring)

@: confused, not resistant to hostile enchantments, very unstealthy
A: retaliatory headbutt, horns 2
a: Berserk, Trog's Hand, Burn Spellbooks, Renounce Religion


You were on level 2 of the Dungeon.
You worshipped Trog.
Trog was pleased with you.
You were not hungry.

You visited 1 branch of the dungeon, and saw 2 of its levels.

You collected 40 gold pieces.

Inventory:

Hand Weapons
 a - a +0 mace (weapon)
Armour
 b - a +0 animal skin (worn)
 l - a +0 pair of boots (worn)
Scrolls
 f - a scroll of identify {unknown}
 g - a scroll of enchant armour {unknown}
 i - a scroll of blinking {unknown}
 j - a scroll of fog {unknown}
 k - a scroll of teleportation {unknown}
Potions
 d - a potion of curing {unknown}
 e - a potion of invisibility {unknown}
 h - a potion of haste {unknown}
Comestibles
 c - a bread ration


   Skills:
 - Level 4.0 Fighting
 + Level 5.5 Maces & Flails
 - Level 2.4 Armour
 - Level 2.1 Dodging


You had 2 spell levels left.
You didn't know any spells.

Dungeon Overview and Level Annotations

Branches:
Dungeon (2/15)

Altars:

Annotations:
D:2 Sigmund


Innate Abilities, Weirdness & Mutations

You reflexively headbutt those who attack you in melee.
You have a pair of horns on your head.


Message History

You hit something but do no damage. You headbutt something!
Your skin stops crawling.
You feel less resistant to hostile enchantments.
You hear some strange, mumbled words.
You are confused.
You hear some strange, mumbled words.
A magic dart appears from out of thin air!
The magic dart hits you!
You're too confused to move!
Something hits you but does no damage.
You hear some strange, mumbled words.
You are more confused.
Eat which item? (? for menu, Esc to quit)
Something hits you!
* * * LOW HITPOINT WARNING * * *
Something hits you!
* * * LOW HITPOINT WARNING * * *
You finish eating.
That bread ration really hit the spot!
You're too confused!
Something hits you!
You die...

..........# #.##.##
#........
.....####.#####.##.#
#........ .....#
#...)......# ####......
###### #######...##
###....#..##
#.#.####.........##
###.#...##.#.#####.#
####............# #.##
##....#........#######...
......#.@................
...............######.##.
...............# #..#..
...............# ##....#
......#........# ##......
.#...##........# #.......
#### #.##...#####.......
..##...............
.##.......##.##...#


There were no monsters in sight!

Vanquished Creatures
  2 adders (D:2)
  2 worms (D:2)
  6 bats (D:1)
  3 giant cockroaches
  2 goblins
  3 hobgoblins
  4 jackals (D:2)
  6 kobolds
  A quokka (D:2)
  4 giant newts
  3 rats
36 creatures vanquished.

Notes
Turn   | Place    | Note
--------------------------------------------------------------
     0 | D:1      | Grim the Minotaur Berserker began the quest for the Orb.
     0 | D:1      | Reached XP level 1. HP: 19/19 MP: 0/0
   242 | D:1      | Reached skill level 4 in Fighting
   303 | D:1      | Reached XP level 2. HP: 25/27 MP: 1/1
   939 | D:2      | Reached ** piety under Trog
  1009 | D:2      | Reached XP level 3. HP: 28/33 MP: 2/2
  1027 | D:2      | Reached skill level 5 in Maces & Flails
  1346 | D:2      | Noticed Sigmund
  1360 | D:2      | Mangled by Sigmund

Action                   || total
-------------------------++-------
Melee: Mace              ||    70
Invok: Berserk           ||     2
       Trog's Hand       ||     1
  Eat: Chunk             ||     2
       Bread ration      ||     1
